 Dungeon Crawl Stone Soup version 0.29-a0-1006-g0dd7720b37 (webtiles) character file.

Game seed: 18118574833283897146

1418 CannotBeFrozen the Slasher (level 8, 0/68 HPs)
             Began as a Demigod Warper on Aug 6, 2022.
             Slain by an orc warrior
             ... wielding a +0 hand axe
              (12 damage)
             ... on level 6 of the Dungeon.
             The game lasted 00:17:04 (7115 turns).

CannotBeFrozen the Slasher (Demigod Warper)         Turns: 7115, Time: 00:17:05

Health: 0/68       AC: 10    Str: 16    XL:     8   Next: 20%
Magic:  14/14      EV: 11    Int: 15    God:
Gold:   300        SH:  0    Dex: 17    Spells: 9/11 levels left

rFire   + . .      SeeInvis .   b - +1 dagger (venom)
rCold   . . .      Faith    .   (no shield)
rNeg    . . .      Spirit   .   o - +4 ring mail
rPois   .          Reflect  .   (no helmet)
rElec   .          Harm     .   (no cloak)
rCorr   .          Rampage  .   s - +0 pair of gloves
Will    .....                   (no boots)
Stlth   +.........              q - amulet of magic regeneration
HPRegen 0.21/turn               w - ring of protection from fire
MPRegen 0.54/turn               (no ring)

@: on blink cooldown
A: high MP 1, forlorn, divine attributes
a: no special abilities


You were on level 6 of the Dungeon.
You visited 1 branch of the dungeon, and saw 6 of its levels.

You collected 300 gold pieces.

Inventory:

Hand Weapons
 a - a +0 falchion
 b - a +1 dagger of venom (weapon)
Missiles
 d - 7 boomerangs of dispersal {=f=F}
 e - 40 stones
 n - 2 poisoned darts (quivered)
Armour
 o - a +4 ring mail (worn)
 s - a +0 pair of gloves (worn)
Jewellery
 q - an amulet of magic regeneration (around neck)
 w - a ring of protection from fire (left hand)
Wands
 k - a wand of flame (13)
 y - a wand of roots (7)
Scrolls
 c - 2 scrolls of blinking
 f - a scroll of acquirement {unknown}
 h - a scroll of amnesia {unknown}
 i - 5 scrolls of teleportation {@r2}
 j - a scroll of immolation {unknown}
 l - 2 scrolls of fear {unknown}
 p - 2 scrolls of butterflies {unknown}
 t - a scroll of vulnerability {unknown}
 u - a scroll of enchant armour {unknown}
Potions
 m - a potion of curing {@q1}
 x - a potion of lignification {unknown}
 z - a potion of resistance
 A - a potion of heal wounds {unknown}


   Skills:
 - Level 5.0 Fighting
 + Level 7.6 Long Blades
 - Level 0.8 Throwing
 - Level 2.0 Armour
 - Level 2.0 Dodging
 - Level 2.0 Spellcasting
 - Level 4.0 Translocations


You had 9 spell levels left.
You knew the following spells:

 Your Spells              Type           Power      Damage    Failure   Level
z - Blink                 Tloc           26%        N/A       12%         2

Your spell library contained the following spells:

 Spells                   Type           Power      Damage    Failure   Level
 Gell's Gravitas          Tloc           13%        N/A       24%         3
 Lesser Beckoning         Tloc           13%        N/A       24%         3
 Teleport Other           Tloc           13%        N/A       24%         3
 Foxfire                  Conj/Fire      4%         2x1d4     38%         1
 Static Discharge         Conj/Air       1%         3-4/arc   52%         2
 Conjure Flame            Conj/Fire      1%         6-21      77%         3
 Inner Flame              Hex/Fire       1%         N/A       77%         3
 Summon Guardian Golem    Hex/Summ       1%         N/A       77%         3
 Manifold Assault         Tloc           13%        N/A       91%         5
 Flame Wave               Conj/Fire      1%         2d4       99%         4
 Lightning Bolt           Conj/Air       0%         1d11      100%        5
 Orb of Destruction       Conj           0%         9d5       100%        7
 Spellforged Servitor     Conj/Summ      0%         N/A       100%        7
 Maxwell's Capacitive Co  Air            0%         ∞         100%        8


Dungeon Overview and Level Annotations

Branches:
Dungeon (6/15)
 Temple: D:4-7

Shops:
D:1 [


Innate Abilities, Weirdness & Mutations

You have an increased reservoir of magic. (+10% MP)
You shall have no god before yourself.
Your divine heritage dramatically boosts your attributes as you level up.


Message History

The orc warrior hits you with a +0 hand axe.
* * * LOW HITPOINT WARNING * * *
HP: 30/68 (-6) =====------- The orc warrior attacks as you move away!
The orc warrior hits you with a +0 hand axe.
* * * LOW HITPOINT WARNING * * *
HP: 25/68 (-5) ====--------
Casting: Blink (safe; 12% risk of failure)
Confirm with . or Enter, or press ? or * to list all spells.
You blink.
Something hits you.
* * * LOW HITPOINT WARNING * * *
The orc warrior closely misses you.
HP: 24/68 (-1) MP: 13/14 (-1) ====-------- You hit the orc warrior but do no damage.
The orc warrior looks as sick as possible!
Your punch misses the orc warrior.
The orc warrior is heavily wounded.
Something hits you but does no damage. The orc warrior closely misses you.
You miss something. Something hits you but does no damage.
The orc warrior hits you with a +0 hand axe!
* * * LOW HITPOINT WARNING * * *
HP: 17/68 (-7) ===--------- !
You barely miss something. You barely miss something.
Something hits you but does no damage.
The orc warrior hits you with a +0 hand axe.
* * * LOW HITPOINT WARNING * * *
HP: 11/68 (-6) =-----------
Casting: Blink (safe; 12% risk of failure)
Confirm with . or Enter, or press ? or * to list all spells.
You are still too unstable to blink.
You closely miss something.
You hear some strange, mumbled words.
Something tries to affect you, but you resist.
The orc warrior misses you.
Casting: Blink (safe; 12% risk of failure)
Confirm with . or Enter, or press ? or * to list all spells.
You are still too unstable to blink.
You hit something but do no damage. Something hits you but does no damage.
The orc warrior hits you with a +0 hand axe!
You die...

.#.#..)....#
#.#
.......#####
#.###
.####.######
#...#
...........#
##########.###
#####.####.#
#............#
.# #.# #..
##.############
.## #.# ..
.#...# ..# #.#
##.#.###o# #.#
#.# .... #@#
#.# #.#
#.####{# #.# .#
# #......# #.#
#.#..{##### #.#
#.........# #.#
........#####.#
..# ........'
#.## .....?..##
#..# ........#


You could see an orc warrior (very poisoned).

Vanquished Creatures
  Pikel (D:4)
  An ice beast (D:5)
  An ogre (D:5)
  2 phantoms
  A necrophage (D:4)
  A scorpion (D:6)
  3 hounds
  2 orc priests
  A gnoll bouda (D:5)
  Jessica (D:2)
  An iguana (D:5)
  An orc wizard (D:6)
  16 gnolls
  5 adders
  4 dart slugs
  3 orcs
  7 endoplasms
  4 giant cockroaches
  6 goblins
  4 hobgoblins
  7 jackals
  5 kobolds
  2 quokkas
  7 ball pythons
  11 bats
  2 frilled lizards (D:2)
  3 rats
102 creatures vanquished.

Notes
Turn   | Place    | Note
-------+----------+-------------------------------------------
     0 | D:1      | CannotBeFrozen the Demigod Warper began the quest for the
                  | Orb.
     0 | D:1      | Reached XP level 1. HP: 17/17 MP: 5/5
    57 | D:1      | Reached skill level 2 in Long Blades
   163 | D:1      | Found Bixtufyrr's Armour Boutique.
   199 | D:1      | Reached XP level 2. HP: 22/24 MP: 7/7
   365 | D:1      | Reached skill level 3 in Long Blades
   850 | D:1      | Learned a level 2 spell: Blink
   888 | D:2      | Reached XP level 3. HP: 28/28 MP: 8/8
  1005 | D:2      | Noticed a shining eye
  1008 | D:2      | Noticed a great orb of eyes
  1008 | D:2      | Noticed a great orb of eyes
  1008 | D:2      | Noticed a floating eye
  1483 | D:2      | Noticed Jessica
  1506 | D:2      | Killed Jessica
  1507 | D:2      | Reached skill level 4 in Long Blades
  1507 | D:2      | Reached XP level 4. HP: 3/36 MP: 9/9
  2981 | D:3      | Reached skill level 1 in Armour
  3593 | D:2      | Reached XP level 5. HP: 32/41 MP: 10/10
  4023 | D:4      | Noticed Pikel
  4047 | D:4      | Killed Pikel
  4048 | D:4      | Reached skill level 5 in Long Blades
  4048 | D:4      | Reached XP level 6. HP: 45/53 MP: 11/11
  4048 | D:4      | Reached XP level 7. HP: 52/60 MP: 13/13
  4959 | D:5      | Entered Level 5 of the Dungeon
  5028 | D:4      | Reached skill level 6 in Long Blades
  5322 | D:5      | Reached skill level 5 in Fighting
  6124 | D:5      | Reached skill level 7 in Long Blades
  6124 | D:5      | Reached XP level 8. HP: 59/68 MP: 14/14
  7115 | D:6      | Slain by an orc warrior

Illustrated notes

Levels and vault maps discovered:
D:1:      dpeg_arrival_leaves_temple_mockup, layout_loops_cross, serial_shops,
          shop, minivault_27
D:2:      layout_loops_cross, hellmonk_ecumenical_altar_watching_god,
          uniq_jessica
D:3:      layout_rooms, fountainhead
D:4:      layout_layer_cave, zin_statuary, uniq_pikel
D:5:      lemuel_ice_spiral_2, layout_basic, mainiacjoe_overflow_alcove_4,
          lemuel_doored_altar
D:6:      layout_basic, mainiacjoe_overflow_brackets

Skill      XL: |  1  2  3  4  5  6  7 |
---------------+----------------------+-----
Long Blades    | 2 3 4 5 7 |  7.6
Spellcasting   | 2 |  2.0
Translocations | 3 4 |  4.0
Armour         | 1 2 |  2.0
Fighting       | 2 4 5 |  5.0
Dodging        | 2 |  2.0
Throwing       | |  0.8

Action                   |  1- 3 |  4- 6 |  7- 9 || total
-------------------------+-------+-------+-------++-------
Melee: Falchion          |   121 |     6 |    50 ||   177
       Punch             |     1 |     1 |     2 ||     4
       Dagger            |       |   121 |   125 ||   246
       Unarmed           |       |     6 |       ||     6
Throw: Stone             |     2 |       |       ||     2
       Dart              |       |     1 |    16 ||    17
 Cast: Blink             |       |       |     4 ||     4
  Use: Potion            |     1 |       |     2 ||     3
       Scroll            |       |       |     5 ||     5
 Stab: Confused          |       |     1 |       ||     1
Armor: Leather armour    |    32 |    11 |       ||    43
       Plate armour      |    42 |       |       ||    42
       Ring mail         |       |    28 |    79 ||   107
       Skin              |       |     2 |       ||     2
Dodge: Dodged            |    88 |    63 |    70 ||   221

Table legend: (Time is in decaauts)
 A = Elapsed time spent in this place.
 B = Non-inter-level travel time spent in this place.
 C = Inter-level travel time spent in this place.
 D = Time resting spent in this place.
 E = Time spent auto-exploring this place.
 F = Levels seen in this place.
 G = Mean time per level.
                   A        B        C        D        E       F      G
               +--------+--------+--------+--------+--------+-----+--------+
         Total |   7075 |   6865 |    210 |   1796 |   3574 |   6 | 1179.2 |
       Dungeon |   7075 |   6865 |    210 |   1796 |   3574 |   6 | 1179.2 |
               +--------+--------+--------+--------+--------+-----+--------+

Top non-repeatable levels by time:
     D:2: 1860 daAuts
     D:4: 1361 daAuts
     D:5: 1160 daAuts
     D:3: 968 daAuts
     D:1: 898 daAuts
     D:6: 827 daAuts
